 Seeded DCSS version 0.30-a0-242-g7bf8e6d787 (webtiles) character file.

Game seed: 16711357986693138582 (custom seed)

25 Nerdsrcool the Vexing (level 3, 0/28 HPs)
             Began as a Gnoll Hexslinger on Oct 11, 2022.
             Slain by a gnoll
             ... wielding a +2 halberd of venom
              (10 damage)
             ... on level 2 of the Dungeon.
             The game lasted 00:05:53 (862 turns).

Nerdsrcool the Vexing (Gnoll Hexslinger)             Turns: 862, Time: 00:05:55

Health: 0/28       AC:  2    Str:  9    XL:     3   Next: 6%
Magic:  6/7        EV:  9    Int: 12    God:
Gold:   16         SH: 11    Dex: 14    Spells: 6/7 levels left

rFire   . . .      SeeInvis .    a - +1 sling
rCold   . . .      Faith    .    i - +0 tower shield
rNeg    . . .      Spirit   .    c - +0 robe
rPois   .          Reflect  .    (no helmet)
rElec   .          Harm     .    (no cloak)
rCorr   .          Rampage  .    (no gloves)
Will    .....                    (no boots)
Stlth   ++........               (no amulet)
HPRegen 0.24/turn                (no ring)
MPRegen 0.10/turn                (no ring)

@: lethally poisoned (0 -> -11)
A: fangs 1, strong nose, distributed training
a: no special abilities


You were on level 2 of the Dungeon.
You visited 1 branch of the dungeon, and saw 2 of its levels.

You collected 16 gold pieces.

Inventory:

Hand Weapons
 a - a +1 sling (weapon)
 d - a +0 short sword
Armour
 c - a +0 robe (worn)
 i - a +0 tower shield (worn)
Scrolls
 b - a scroll of poison
 e - a scroll of noise {unknown}
 h - a scroll of butterflies {unknown}
 k - a scroll of identify {unknown}
Potions
 f - a potion of degeneration {unknown}
 g - a potion of haste {unknown}
 j - a potion of flight {unknown}
 l - a potion of ambrosia {unknown}


   Skills:
 + Level 2.5 Fighting
 + Level 0.6 Short Blades
 + Level 0.6 Long Blades
 + Level 0.6 Axes
 + Level 0.6 Maces & Flails
 + Level 0.6 Polearms
 + Level 0.6 Staves
 + Level 4.5 Ranged Weapons
 + Level 0.6 Throwing
 + Level 0.6 Armour
 + Level 4.5 Dodging
 + Level 0.6 Stealth
 + Level 0.6 Shields
 + Level 0.6 Unarmed Combat
 + Level 2.8 Spellcasting
 + Level 0.4 Conjurations
 + Level 5.4 Hexes
 + Level 0.4 Summonings
 + Level 0.4 Necromancy
 + Level 0.4 Translocations
 + Level 0.4 Transmutations
 + Level 0.4 Fire Magic
 + Level 0.4 Ice Magic
 + Level 0.4 Air Magic
 + Level 0.4 Earth Magic
 + Level 0.4 Poison Magic
 + Level 0.8 Invocations
 + Level 0.6 Evocations


You had 6 spell levels left.
You knew the following spells:

 Your Spells              Type           Power      Damage    Failure   Level
a - Slow                  Hex            56%        N/A       43%         1

Your spell library contained the following spells:

 Spells                   Type           Power      Damage    Failure   Level
 Confusing Touch          Hex            14%        N/A       80%         3
 Inner Flame              Hex/Fire       8%         N/A       98%         3
 Portal Projectile        Hex/Tloc       16%        N/A       98%         3
 Cause Fear               Hex            7%         N/A       99%         4
 Vampiric Draining        Necr           2%         2d6       100%        3


Dungeon Overview and Level Annotations

Branches:
Dungeon (2/15)

Altars:


Innate Abilities, Weirdness & Mutations

You have very sharp teeth.
Your uncanny sense of smell can sniff out nearby items.
Your experience applies equally to all skills.


Message History

You are very lightly contaminated with residual magic.
Nothing appears to happen.
The gnoll hits you with a +0 whip. The gnoll closely misses you.
Your magical contamination has completely faded away.
Found 15 gold pieces.
Found a scroll labelled JOCKYI PYORCH and 11 gold pieces.
A worm comes into view.
You see here 11 gold pieces.
Found a dagger.
Found 3 poisoned darts.
Found 8 gold pieces.
You shoot a sling bullet.
The sling bullet closely misses the gnoll.
The sling bullet barely misses the gnoll.
The sling bullet closely misses the gnoll.
The gnoll barely misses you.
You see here 3 poisoned darts.
The gnoll resists with significant effort.
You shoot a sling bullet. The sling bullet hits the gnoll.
The gnoll is lightly wounded.
The gnoll closely misses you. The gnoll barely misses you.
You shoot a sling bullet. The sling bullet hits the gnoll.
The gnoll is heavily wounded.
You block the gnoll's attack.
You shoot a sling bullet. The sling bullet hits the gnoll.
The gnoll is severely wounded.
The gnoll misses you. You block the gnoll's attack. x2
You shoot a sling bullet.
The sling bullet barely misses the gnoll.
The gnoll barely misses you. x2
The gnoll hits you from afar with a +2 halberd of venom!
You are poisoned.
The gnoll misses you. You block the gnoll's attack.
You shoot a sling bullet.
The sling bullet hits the gnoll but does no damage.
The gnoll is moderately wounded.
You feel extremely sick. The gnoll hits you with a +0 whip.
The gnoll hits you from afar with a +2 halberd of venom!
You die...

#.......+
#.......##
#........#
#........#
+........#
#.....$..#
#........#
#....@g..#
#.....g..#
#......g.#
####.###(#
.#####.###.#
...........# .
... ##.......#
###### #..
+.......+ ∆
#.....
##..####.......#
#.....


You could see 3 gnolls.

Vanquished Creatures
  2 dart slugs (D:1)
  3 ball pythons (D:1)
  3 bats (D:1)
  2 endoplasms
  A giant cockroach (D:1)
  2 goblins (D:1)
  2 hobgoblins (D:1)
  2 kobolds (D:1)
  A frilled lizard (D:1)
18 creatures vanquished.

Notes
Turn   | Place    | Note
-------+----------+-------------------------------------------
     0 | D:1      | Nerdsrcool the Gnoll Hexslinger began the quest for the
                  | Orb.
     0 | D:1      | Reached XP level 1. HP: 17/17 MP: 4/4
   159 | D:1      | Reached XP level 2. HP: 23/23 MP: 5/5
   655 | D:1      | Reached XP level 3. HP: 28/28 MP: 7/7
   862 | D:2      | Slain by a gnoll

Illustrated notes

Levels and vault maps discovered:
D:1:      nicolae_arrival_somewhat_less_tricky_arrival, layout_loops_ring
D:2:      layout_basic

Action                   || total
-------------------------++-------
 Fire: Sling             ||    46
 Cast: Slow              ||    14
Dodge: Dodged            ||    12
Block: Tower shield      ||     8

Table legend: (Time is in decaauts)
 A = Elapsed time spent in this place.
 B = Non-inter-level travel time spent in this place.
 C = Inter-level travel time spent in this place.
 D = Time resting spent in this place.
 E = Time spent auto-exploring this place.
 F = Levels seen in this place.
 G = Mean time per level.
                   A        B        C        D        E       F      G
               +--------+--------+--------+--------+--------+-----+--------+
         Total |    880 |    880 |      0 |      0 |    668 |   2 |  440.0 |
       Dungeon |    880 |    880 |      0 |      0 |    668 |   2 |  440.0 |
               +--------+--------+--------+--------+--------+-----+--------+

Top non-repeatable levels by time:
     D:1: 784 daAuts
     D:2: 95 daAuts
